 Dungeon Crawl Stone Soup version 0.17-a0-1393-gcb420ff (webtiles) character file.

291 Umineko the Vandal (level 6, -3/62 HPs)
             Began as an Ogre Hunter on June 16, 2015.
             Slain by a goblin
             ... wielding a +0 club
              (4 damage)
             ... on level 3 of the Dungeon.
             The game lasted 00:10:17 (1743 turns).

Umineko the Vandal (Ogre Hunter)                    Turns: 1743, Time: 00:10:17

Health: -3/62      AC:  3    Str: 18    XL:     6   Next: 32%
Magic:  6/6        EV: 10    Int: 15    God:
Gold:   35         SH:  0    Dex: 12    Spells: 0 memorised, 5 levels left

rFire  . . .     SeeInvis .     i - +1 scythe (venom)
rCold  . . .     Clarity  .     d - +0 robe
rNeg   . . .     SustAt   .     (no shield)
rPois  .         Gourm    .     (helmet restricted)
rElec  .         Spirit   .     (no cloak)
rCorr  .         Warding  .     (gloves unavailable)
rMut   .         Stasis   .     (boots unavailable)
MR     .....                    (no amulet)
Stlth  +.........               (no ring)
                                (no ring)

@: brilliant, not resistant to hostile enchantments, very unstealthy
A: unfitting armour, tough skin 1
a: no special abilities


You were on level 3 of the Dungeon.
You were not hungry.

You visited 1 branch of the dungeon, and saw 3 of its levels.

You collected 35 gold pieces.

Inventory:

Hand weapons
 a - a +1 hunting sling
 c - a +0 short sword
 i - a +1 scythe of venom (weapon)
Missiles
 b - 10 sling bullets
 j - 5 stones (quivered)
Armour
 d - a +0 robe (worn)
Magical devices
 h - a wand of frost (20)
Scrolls
 k - a scroll of fog
 l - a scroll of identify
 m - a scroll of noise


   Skills:
 * Level 4.0 Fighting
 * Level 0.2 Polearms
 * Level 4.9 Slings
 * Level 1.3 Armour
 + Level 2.2 Dodging
 - Level 0.7 Stealth


You had 5 spell levels left.
You didn't know any spells.

Dungeon Overview and Level Annotations

Branches:
Dungeon (3/15)

Altars:


Innate Abilities, Weirdness & Mutations

You are too large for most types of armour.
You have tough skin (AC +1).


Message History

* * * LOW HITPOINT WARNING * * *
The goblin hits you but does no damage. The orc hits you but does no damage.
The orc hits you.
* * * LOW HITPOINT WARNING * * *
The goblin hits you with a club.
* * * LOW HITPOINT WARNING * * *
You slash the orc!
You kill the orc!
The orc barely misses you. The goblin hits you but does no damage.
The orc barely misses you. The orc hits you.
* * * LOW HITPOINT WARNING * * *
The goblin hits you with a club.
* * * LOW HITPOINT WARNING * * *
You closely miss the goblin. The orc closely misses you.
The goblin closely misses you. The orc hits you.
* * * LOW HITPOINT WARNING * * *
You barely miss the goblin. The goblin closely misses you.
The orc hits you but does no damage. The goblin hits you with a club.
You die...

.... #....#
.....$.....#
..........
#...#...#########
...#...##...... #
#.#.......#.#
..#.#........<..###.##
..?....@o§...#(......#
#......g.§§..)(#......
#####....§....##......
#.........# .....
#.........# .....
##........# ....
.%...####.# ....
......# #.# .......
..#


You could see an orc and a goblin.

Vanquished Creatures
  Sigmund (D:2)
  Terence (D:2)
  Natasha (twice) (D:2)
  A gnoll (D:1)
  2 adders (D:2)
  2 worms (D:2)
  3 orcs (D:3)
  3 ball pythons
  2 giant cockroaches (D:2)
  2 goblins (D:2)
  6 hobgoblins
  3 jackals (D:2)
  2 bats (D:2)
  3 giant newts (D:2)
  6 kobolds
  8 rats
47 creatures vanquished.

Notes
Turn   | Place    | Note
--------------------------------------------------------------
     0 | D:1      | Umineko the Ogre Hunter began the quest for the Orb.
     0 | D:1      | Reached XP level 1. HP: 22/22 MP: 1/1
     8 | D:1      | Reached skill level 3 in Slings
    51 | D:1      | Reached XP level 2. HP: 29/29 MP: 2/2
   240 | D:2      | Reached XP level 3. HP: 36/36 MP: 3/3
   475 | D:2      | Noticed Sigmund
   492 | D:2      | Killed Sigmund
   492 | D:2      | Reached skill level 4 in Slings
   492 | D:2      | Reached skill level 1 in Armour
   492 | D:2      | Reached XP level 4. HP: 11/48 MP: 4/4
   492 | D:2      | Reached XP level 5. HP: 12/54 MP: 5/5
   781 | D:2      | Noticed Terence
   807 | D:2      | Killed Terence
   975 | D:2      | Reached XP level 6. HP: 62/62 MP: 6/6
  1229 | D:2      | Noticed Natasha
  1235 | D:2      | Killed Natasha
  1498 | D:2      | Noticed Natasha
  1504 | D:2      | Killed Natasha
  1734 | D:3      | HP: 3/62 [orc (2)]
  1741 | D:3      | HP: 2/62 [goblin/club (2)]
  1743 | D:3      | Slain by a goblin

Vault maps used:
D:1:      minmay_arrival_five_plusses
D:2:      uniq_natasha, uniq_sigmund, uniq_terence
D:3:      lemuel_coloured_pillars_altar, feat_on_display,
          uniq_crazy_yiuf_cottage

Action                   |  1- 3 |  4- 6 || total
-------------------------+-------+-------++-------
Melee: Scythe            |       |    23 ||    23
 Fire: Hunting sling     |    55 |    65 ||   120
  Use: Potion            |     1 |     3 ||     4
       Scroll            |     1 |     2 ||     3
  Eat: Bread ration      |       |     1 ||     1
